 Dungeon Crawl Stone Soup version 0.28.0-53-g5a82cb258f (webtiles) character file.

Game seed: 8964585765819074654

29 infcreate the Sneak (level 3, -3/19 HPs)
             Began as a Vampire Enchanter on July 28, 2022.
             Slain by a kobold
             ... wielding a +0 dagger
              (4 damage)
             ... on level 2 of the Dungeon.
             The game lasted 00:03:57 (1181 turns).

infcreate the Sneak (Vampire Enchanter)             Turns: 1181, Time: 00:03:58

Health: -3/19      AC:  2    Str:  7    XL:     3   Next: 1%
Magic:  1/6        EV: 13    Int: 17    God:
Gold:   77         SH:  0    Dex: 16    Spells: 4/6 levels left

rFire   . . .      SeeInvis +   a - +1 dagger
rCold   + + .      Faith    .   (no shield)
rNeg    + + +      Spirit   .   b - +0 robe
rPois   ∞          Reflect  .   (no helmet)
rElec   .          Harm     .   (no cloak)
rCorr   .          Rampage  .   (no gloves)
Will    .....                   (no boots)
Stlth   +++++.....              (no amulet)
HPRegen 0.00/turn               (no ring)
MPRegen 0.10/turn               (no ring)

@: bloodless, inhibited regen
A: bloodless, fangs 3, see invisible, vampiric 2
a: Bat Form, Revivify


You were on level 2 of the Dungeon.
You visited 1 branch of the dungeon, and saw 2 of its levels.

You collected 77 gold pieces.


Innate Abilities, Weirdness & Mutations

You do not regenerate when monsters are visible.
You are frail without blood (-20% HP).
You can heal yourself when you bite living creatures.
You are immune to poison.
You have razor-sharp teeth.
You have supernaturally acute eyesight. (SInv)
You are afflicted with vampirism and can become a bat while bloodless.


   Skills:
 + Level 1.7 Short Blades
 + Level 2.6 Dodging
 + Level 4.8 Stealth
 + Level 2.2 Spellcasting
 + Level 4.8 Hexes


You had 4 spell levels left.
You knew the following spells:

 Your Spells              Type           Power      Damage    Failure   Level
e - Ensorcelled Hibernat  Hex/Ice        20%        N/A       11%         2

Your spell library contained the following spells:

 Spells                   Type           Power      Damage    Failure   Level
 Confusing Touch          Hex            18%        N/A       8%          3
 Tukima's Dance           Hex            18%        N/A       8%          3
 Dazzling Flash           Conj/Hex       20%        N/A       22%         3

Inventory:

Hand Weapons
 a - a +1 dagger (weapon)
Armour
 b - a +0 robe (worn)
Scrolls
 d - 2 scrolls of identify {unknown}
 e - a scroll of vulnerability {unknown}
Potions
 c - a potion of invisibility

Dungeon Overview and Level Annotations

Branches:
Dungeon (2/15)

Altars:

........#####
............#
............#
............#######
................†.#
...............)K.#
.........)......@.#
####'##........#
#...)##...†...##
###....##...†...#
#......'........#
#......##.)<....#
#....#####.....##
#.... #.....# #....
#.....#


You could see a kobold.


Message History

You hit the kobold but do no damage. The kobold hits you with a +0 dagger.
The goblin hits you with a +0 dagger.
You hit the kobold but do no damage. The kobold barely misses you.
The goblin hits you with a +0 dagger.
* * * LOW HITPOINT WARNING * * *
You are too injured to fight recklessly!
Casting: Ensorcelled Hibernation (safe; 11% risk of failure)
Confirm with . or Enter, or press ? or * to list all spells.
Aiming: Ensorcelled Hibernation (safe; 11% risk of failure)
Press: ? - help, Shift-Dir - straight line, f - goblin
Aim: a goblin, wielding a +0 dagger (chance to affect: 62%)
The goblin resists with significant effort.
The kobold hits you with a +0 dagger.
* * * LOW HITPOINT WARNING * * *
The goblin hits you with a +0 dagger.
* * * LOW HITPOINT WARNING * * *
You hit the goblin.
The goblin is moderately wounded.
The kobold hits you with a +0 dagger.
* * * LOW HITPOINT WARNING * * *
The goblin misses you.
You hit the goblin.
The goblin is severely wounded.
The kobold hits you with a +0 dagger.
* * * LOW HITPOINT WARNING * * *
The goblin closely misses you.
You hit the goblin.
You kill the goblin!
The kobold hits you with a +0 dagger.
You die...

Action                   || total
-------------------------++-------
Melee: Dagger            ||    62
       Bite              ||     5
 Cast: Ensorcelled Hiber ||    13
 Abil: Exsanguinate      ||     1
 Stab: Sleeping          ||    14
Armor: Robe              ||    19
Dodge: Dodged            ||    37

Levels and vault maps discovered:
D:1:      arrival_zaba_pyramid, layout_basic, chequers_ecumenical_altar_island,
          minmay_misc_feat_room, nicolae_wormholes
D:2:      layout_basic, basic_altar

Notes
Turn   | Place    | Note
-------+----------+-------------------------------------------
     0 | D:1      | infcreate the Vampire Enchanter began the quest for the
                  | Orb.
     0 | D:1      | Reached XP level 1. HP: 13/13 MP: 3/3
   590 | D:1      | Found a faded altar of an unknown god.
   596 | D:1      | Reached XP level 2. HP: 15/15 MP: 5/5
   599 | D:1      | Learned a level 2 spell: Ensorcelled Hibernation
   843 | D:1      | You fall into a shaft and drop 1 floor!
  1163 | D:1      | Gained mutation: You are afflicted with vampirism and can
                  | become a bat while bloodless. [Vampire growth]
  1163 | D:1      | Reached XP level 3. HP: 19/19 MP: 1/6
  1180 | D:2      | HP: 1/19 [kobold/+0 dagger (2)]
  1181 | D:2      | Slain by a kobold

Vanquished Creatures
  2 worms (D:2)
  A dart slug (D:2)
  A giant cockroach (D:1)
  3 goblins
  3 hobgoblins
  3 kobolds
  2 quokkas (D:1)
  3 bats (D:1)
  3 frilled lizards (D:1)
21 creatures vanquished.

Table legend: (Time is in decaauts)
 A = Elapsed time spent in this place.
 B = Non-inter-level travel time spent in this place.
 C = Inter-level travel time spent in this place.
 D = Time resting spent in this place.
 E = Time spent auto-exploring this place.
 F = Levels seen in this place.
 G = Mean time per level.
                   A        B        C        D        E       F      G
               +--------+--------+--------+--------+--------+-----+--------+
         Total |   1186 |   1093 |     93 |    429 |    225 |   2 |  593.0 |
       Dungeon |   1186 |   1093 |     93 |    429 |    225 |   2 |  593.0 |
               +--------+--------+--------+--------+--------+-----+--------+

Top non-repeatable levels by time:
     D:1: 874 daAuts
     D:2: 311 daAuts

Table legend:
 A = Non-vault XP
 B = Vault XP
 C = Vault XP percentage of total XP
 D = Non-vault monster count
 E = Vault monster count
 F = Vault count percentage of total count
                 A         B        C        D         E       F
            +---------+---------+-------+---------+---------+-------
      Total |      34 |      10 |  22.7 |      19 |       2 |   9.5
            +---------+---------+-------+---------+---------+-------
        D:1 |      21 |       0 |   0.0 |      13 |       0 |   0.0
        D:2 |      13 |      10 |  43.5 |       6 |       2 |  25.0
            +---------+---------+-------+---------+---------+-------
